 Dungeon Crawl Stone Soup version 0.30.1-9-gdf580d7c3d (webtiles) character file.

Game seed: 4738012682353650561

9407 Wiggles the Severer (level 11, -7/89 HPs)
             Began as a Minotaur Berserker on Sept 29, 2023.
             Was a High Priest of Trog.
             Mangled by an unseen horror (8 damage)
             ... on level 10 of the Dungeon.
             The game lasted 00:16:06 (9165 turns).

Wiggles the Severer (Minotaur Berserker)            Turns: 9165, Time: 00:16:06

Health: -7/89      AC: 21    Str: 26    XL:     11   Next: 22%
Magic:  10/10      EV:  7    Int:  4    God:    Trog [*****.]
Gold:   481        SH:  7    Dex: 10    Spells: 10/10 levels left

rFire   . . .        E - +1 broad axe
rCold   . . .        C - +0 kite shield
rNeg    . . .        k - +2 plate armour
rPois   +            (helmet restricted)
rElec   .            p - +0 cloak
rCorr   +            v - +0 pair of gloves
SInv    .            b - +0 pair of boots
Will    .....        (no amulet) Stlth
                     s - ring of poison resistance
HPRegen 0.34/turn    t - ring of resist corrosion
MPRegen 0.12/turn

%: no passive effects
@: no status effects
A: horns 2, retaliatory headbutt, frail 1
a: Renounce Religion, Berserk, Trog's Hand, Brothers in Arms


You were on level 10 of the Dungeon.
You worshipped Trog.
Trog was extremely pleased with you.
You visited 1 branch of the dungeon, and saw 10 of its levels.
You also visited: Ossuary.

You collected 481 gold pieces.

Inventory:

Hand Weapons
 E - a +1 broad axe (weapon)
Armour
 b - a +0 pair of boots (worn)
 k - a +2 plate armour (worn)
 p - a +0 cloak (worn)
 v - a +0 pair of gloves (worn)
 C - a +0 kite shield (worn)
Jewellery
 s - a ring of poison resistance (left hand)
 t - a ring of resist corrosion (right hand)
 w - a ring of fire
Wands
 D - a wand of charming (9)
 F - a wand of iceblast (5)
Scrolls
 a - 3 scrolls of amnesia
 c - 2 scrolls of fear
 e - 3 scrolls of fog
 i - 3 scrolls of noise
 x - 4 scrolls of teleportation
 y - 2 scrolls of butterflies
 z - 2 scrolls of magic mapping
Potions
 d - 6 potions of curing
 f - 3 potions of lignification
 g - a potion of haste {unknown}
 h - a potion of magic {unknown}
 j - 3 potions of degeneration
 l - 3 potions of invisibility
 m - 3 potions of flight {unknown}
 n - 6 potions of attraction
 o - a potion of berserk rage {unknown}
 q - 4 potions of cancellation
 r - 7 potions of heal wounds
 u - 2 potions of ambrosia {unknown}
 A - 3 potions of brilliance {unknown}


   Skills:
 + Level 10.0 Fighting
 + Level 15.0 Axes
 + Level 10.9 Armour
 + Level 3.6 Dodging
 + Level 1.4 Stealth
 + Level 2.7 Shields


You had 10 spell levels left.
You didn't know any spells.
Your spell library was empty.

Dungeon Overview and Level Annotations

Branches:
Dungeon (10/15)            Temple (0/1) D:7         Ossuary (visited)
   Lair: D:8-11         Orc: D:9-12

Altars:
Dithmenos
Elyvilon
Gozag
Hepliaklqana
Nemelex Xobeh
Ru
Sif Muna
Vehumet
Wu Jian
Zin
The Shining One

Shops:
D:1 ?

Annotations:
D:10 3 runed translucent doors, Radiant's ghost, novice MiGl


Innate Abilities, Weirdness & Mutations

You have a pair of horns on your head.
You reflexively headbutt those who attack you in melee.
You are frail. (-10% HP)


Message History

Something hits you but does no damage.
The rime drake bites you but does no damage.
Something hits you but does no damage.
You closely miss something. You slash the rime drake!
Something hits you but does no damage. You block the rime drake's attack.
Something hits you but does no damage. The rime drake barely misses you.
Something hits you but does no damage. The rime drake bites you.
The rime drake breathes ice at you. The icy flash freeze hits you!
You are encased in ice.
Something hits you but does no damage. x3
You hit something but do no damage. You headbutt something!
The ice encasing you melts away.
Something hits you but does no damage. x2
You slash something! Something hits you but does no damage.
You hit the rime drake.
The rime drake is almost dead.
The rime drake breathes ice at you. The icy flash freeze hits you!
* * * LOW HITPOINT WARNING * * *
You are encased in ice.
You block the rime drake's attack.
You miss the rime drake. You headbutt the rime drake.
You kill the rime drake!
Trog accepts your kill. Something hits you!
* * * LOW HITPOINT WARNING * * *
Your Fighting skill increases to level 10!
Your Axes skill increases to level 15!
Something hits you.
* * * LOW HITPOINT WARNING * * *
Something hits you!
* * * LOW HITPOINT WARNING * * *
You closely miss something. The ice encasing you melts away.
Something hits you but does no damage. You block something's attack.
You barely miss something. Your headbutt misses something. Something hits you.
* * * LOW HITPOINT WARNING * * *
Something hits you!
You die...

k.#. ...###### ..#.#....#....#
..#..#.......# k...#..#....+
+.......+ #..#.......#
#.......# #.....#....#
#.......#
#......###.######.......#
..#.#...#####.##...##......#
......†......@......#......###
..........†.........#......#..
......#.............#......#..
......#.......................
.....####..####...............
..##. #..####...#########...
). .. #...[.....#..Wo...#...
.. #.........#..k!!..#...
#.........#..#Y#..#...


There were no monsters in sight!

Vanquished Creatures
  A two-headed ogre (D:10)
  A death yak (D:9)
  A rime drake (D:10)
  2 polar bears (D:10)
  Grinder (D:4)
  A hornet (D:8)
  A shadow (D:9)
  Eustachio (D:4)
  A wyvern (D:9)
  11 yaks (D:9)
  A steam dragon (D:9)
  Menkaure (Ossuary)
  Duvessa (D:7)
  6 ice beasts
  A black bear (D:7)
  6 orc warriors
  3 sky beasts
  An ogre (D:5)
  2 centaurs (D:9)
  2 phantoms (D:6)
  A wolf (D:10)
  2 kobold brigands
  5 bullfrogs
  2 gnoll sergeants
  8 wights
  Dowan (D:7)
  3 killer bees (D:7)
  2 howler monkeys
  An electric eel (D:9)
  6 orc priests
  Crazy Yiuf (D:6)
  2 hounds
  A sleepcap (D:7)
  9 orc wizards
  A centaur simulacrum (D:9)
  3 mummies (Ossuary)
  19 gnolls
  6 adders
  2 shadow imps
  2 white imps (D:9)
  2 howler monkey simulacra (D:9)
  3 ufetubi (D:9)
  5 worms
  2 dart slugs (D:2)
  41 orcs
  4 ball pythons
  13 endoplasms
  8 giant cockroaches
  6 gnoll zombies (Ossuary)
  11 goblins
  5 hobgoblins
  8 jackals
  4 quokkas
  8 bats
  5 frilled lizards
  2 gnoll skeletons (Ossuary)
  2 goblin skeletons (Ossuary)
  4 goblin zombies (Ossuary)
  4 hobgoblin skeletons (Ossuary)
  A hobgoblin zombie (Ossuary)
  16 kobolds
  3 kobold skeletons (Ossuary)
  8 kobold zombies (Ossuary)
  6 orc skeletons (Ossuary)
  2 orc zombies (Ossuary)
  10 rats
  8 rat skeletons (Ossuary)
  4 rat zombies (Ossuary)
317 creatures vanquished.

Vanquished Creatures (collateral kills)
  A yak (D:9)
  3 orc warriors (D:8)
  An orc priest (D:8)
  3 orc wizards (D:8)
  9 orcs (D:8)
  A kobold (D:9)
18 creatures vanquished.

Vanquished Creatures (others)
  A kobold (D:9)
1 creature vanquished.

Grand Total: 336 creatures vanquished

Notes
Turn   | Place    | Note
-------+----------+-------------------------------------------
     0 | D:1      | Wiggles the Minotaur Berserker began the quest for the Orb.
     0 | D:1      | Reached XP level 1. HP: 19/19 MP: 0/0
    72 | D:1      | Found Nocwokol's Magic Scroll Emporium.
   179 | D:1      | Reached XP level 2. HP: 14/27 MP: 1/1
   251 | D:1      | Reached skill level 4 in Axes
   318 | D:1      | Reached ** piety under Trog
   452 | D:1      | Reached XP level 3. HP: 33/33 MP: 2/2
   628 | D:1      | Found a faded altar of an unknown god.
  1118 | D:2      | Found a glowing golden altar of the Shining One.
  1264 | D:2      | You fall into a shaft and drop 2 floors!
  1281 | D:4      | Reached XP level 4. HP: 40/40 MP: 3/3
  1282 | D:4      | Reached skill level 5 in Axes
  1331 | D:4      | Reached *** piety under Trog
  1409 | D:3      | Identified the +5 hand axe "Wuguu" {freeze, Contam rC+
                  | Str+5 Dex+2}
  1412 | D:3      | Reached XP level 5. HP: 47/47 MP: 4/4
  1462 | D:3      | Gained mutation: You are frail. (-10% HP) [mutagenic glow]
  1492 | D:3      | Reached skill level 6 in Axes
  1889 | D:3      | Found a sparkling altar of Nemelex Xobeh.
  1898 | D:3      | Found a shimmering blue altar of Sif Muna.
  2087 | D:4      | Noticed Grinder
  2088 | D:4      | Found an opulent altar of Gozag.
  2097 | D:4      | Killed Grinder
  2098 | D:4      | Reached skill level 7 in Axes
  2098 | D:4      | Reached XP level 6. HP: 49/49 MP: 5/5
  2188 | D:4      | Noticed Eustachio
  2197 | D:4      | Killed Eustachio
  2198 | D:4      | Reached skill level 5 in Fighting
  2198 | D:4      | Reached XP level 7. HP: 54/54 MP: 6/6
  2833 | D:5      | Entered Level 5 of the Dungeon
  2848 | D:5      | Reached skill level 8 in Axes
  2882 | D:5      | Reached skill level 5 in Armour
  3423 | D:5      | Found a sand-covered staircase.
  3429 | Ossuary  | Entered an ossuary
  3453 | Ossuary  | Reached **** piety under Trog
  3729 | Ossuary  | Noticed Menkaure
  3736 | Ossuary  | Killed Menkaure
  4045 | D:6      | Found a shadowy altar of Dithmenos.
  4146 | D:6      | Reached skill level 9 in Axes
  4146 | D:6      | Reached XP level 8. HP: 63/63 MP: 7/7
  4263 | D:6      | Reached ***** piety under Trog
  4268 | D:6      | Reached skill level 10 in Axes
  4552 | D:6      | Found a runed translucent door.
  4553 | D:6      | Noticed Crazy Yiuf
  4623 | D:6      | Killed Crazy Yiuf
  4803 | D:6      | Reached skill level 11 in Axes
  5241 | D:6      | Found a white marble altar of Elyvilon.
  5341 | D:7      | Reached XP level 9. HP: 62/70 MP: 8/8
  5996 | D:7      | Found a staircase to the Ecumenical Temple.
  6095 | D:7      | Reached skill level 12 in Axes
  6154 | D:7      | Reached skill level 1 in Stealth
  6322 | D:7      | Noticed Dowan
  6323 | D:7      | Noticed Duvessa
  6330 | D:7      | Killed Dowan
  6334 | D:7      | Killed Duvessa
  6777 | D:8      | Found an ornate altar of the Wu Jian Council.
  7138 | D:8      | Found a runed translucent door.
  7172 | D:8      | Received a gift from Trog
  7283 | D:8      | Found a hazy altar of Hepliaklqana.
  7289 | D:8      | Reached skill level 13 in Axes
  7302 | D:8      | Found a sacrificial altar of Ru.
  7304 | D:8      | Found a radiant altar of Vehumet.
  7422 | D:8      | Reached XP level 10. HP: 79/79 MP: 9/9
  7656 | D:8      | Found a glowing silver altar of Zin.
  8194 | D:9      | Noticed a death yak
  8198 | D:9      | Reached skill level 10 in Armour
  8207 | D:9      | Killed a death yak
  8208 | D:9      | Reached skill level 14 in Axes
  8208 | D:9      | Reached skill level 1 in Shields
  8533 | D:9      | Reached XP level 11. HP: 59/89 MP: 10/10
  8977 | D:10     | Entered Level 10 of the Dungeon
  9014 | D:10     | Noticed a two-headed ogre
  9021 | D:10     | Killed a two-headed ogre
  9077 | D:10     | Noticed Radiant's ghost (novice MiGl)
  9086 | D:10     | Found a runed translucent gate.
  9086 | D:10     | Found a runed translucent gate.
  9086 | D:10     | Found a runed translucent gate.
  9162 | D:10     | Reached skill level 10 in Fighting
  9162 | D:10     | Reached skill level 15 in Axes
  9162 | D:10     | HP: 2/89 [something (7)]
  9165 | D:10     | Mangled by an unseen horror

Illustrated notes

Levels and vault maps discovered:
D:1:      roderic_crop_circles_arrival_small, layout_rooms,
          shapermc_ecumenical_altar_mp_vishouse, serial_shops,
          nicolae_shop_temple_entry_statues_fountains
D:2:      layout_basic, basic_altar, nicolae_figureground_pulse
D:3:      layout_rooms, minitemple, minivault_24, hangedman_decor_points,
          minmay_stone_trees_small, minmay_pentomino_pile
D:4:      layout_loops_cross, grunt_gozag_statues, mrwooster_statue_mirror,
          uniq_eustachio, uniq_grinder
D:5:      minmay_clustersquares, layout_rooms, enter_ossuary_2, serial_glass,
          glass_columns_b, glass_columns_a, nicolae_fountain_basement
D:6:      nicolae_cairo_tiling_large, layout_loops_cross,
          mainiacjoe_overflow_big_doors, uniq_crazy_yiuf_cottage
D:7:      layout_basic, minmay_temple_entry_metal_lava, uniq_duvessa
D:8:      layout_basic, zin_scriptorium, lemuel_doored_altar,
          grunt_temple_overflow_open, lightli_church_of_beogh
D:9:      layout_basic, serial_ice, serial_ice_e, serial_ice_d, serial_ice_g,
          serial_ice_j, serial_ice_b, serial_ice_h, kennysheep_generic_room_5
D:10:     layout_gridville, hellmonk_lair_entry_icy, gammafunk_ghost_split,
          serial_bayou_pond_d, nicolae_lava_and_water

Skill      XL: |  1  2  3  4  5  6  7  8  9 10 11 |
---------------+----------------------------------+-----
Axes           | 4 5 7 9 11 13 14 15 | 15.0
Fighting       | 4 5 6 7 9 10 | 10.0
Armour         | 3 4 6 7 9 10 | 10.9
Stealth        | 1 |  1.4
Dodging        | 3 |  3.6
Shields        | 1 2 |  2.7

Action                     |  1- 3 |  4- 6 |  7- 9 | 10-12 || total
---------------------------+-------+-------+-------+-------++-------
  Melee: Hand axe          |   116 |     8 |       |       ||   124
         Headbutt          |    21 |    11 |    67 |    33 ||   132
         War axe           |       |    67 |   175 |       ||   242
         Punch             |       |     1 |     6 |       ||     7
         Broad axe         |       |       |   201 |   148 ||   349
 Invoke: Berserk           |     1 |     2 |     8 |     2 ||    13
         Brothers in Arms  |       |       |     2 |     1 ||     3
    Use: Scroll            |       |       |    17 |     4 ||    21
 Armour: Chain mail        |    40 |       |       |       ||    40
         Animal skin       |     6 |       |       |       ||     6
         Plate armour      |    24 |    48 |   217 |   130 ||   419
  Dodge: Dodged            |    61 |    31 |   130 |    50 ||   272
  Block: Kite shield       |       |       |       |    52 ||    52
